 Dungeon Crawl Stone Soup version 0.22-b1-26-g9dbaab1 (webtiles) character file.

5789 Goblin1989 the Covert (level 10, -10/50 (51) HPs)
             Began as a Spriggan Artificer on Aug 8, 2018.
             Was an Initiate of Gozag.
             Mangled by an orc warrior
             ... wielding a +0 halberd
              (31 damage)
             ... in a bailey.
             The game lasted 00:46:32 (12668 turns).

Goblin1989 the Covert (Spriggan Artificer)         Turns: 12668, Time: 00:46:32

HP:   -10/50 (51)   AC:  4    Str:  8    XL:     10   Next: 50%
MP:   13/16         EV: 24    Int: 18    God:    Gozag
Gold: 381           SH:  0    Dex: 20    Spells: 5/9 levels left

rFire    + + .     SeeInvis +   a - +0 dagger (venom)
rCold    + . .     Gourm    .   (shield restricted)
rNeg     + + +     Faith    .   H - +1 robe {rC+ rF+}
rPois    .         Spirit   .   (helmet restricted)
rElec    +         Reflect  .   W - +0 cloak
rCorr    .         Harm     .   (gloves unavailable)
MR       ++...     NoTele   +   (boots unavailable)
Stlth    +++++.....             (no amulet)
HPRegen  0.16/turn              f - ring of protection from fire
MPRegen  0.15/turn              z - ring of Raypach {-Tele rElec rN+++ MR+ SInv}

@: brilliant, gold aura, very quick
A: very small, unfitting armour, see invisible, herbivore, speed 3, slow
metabolism 2
a: Potion Petition, Call Merchant, Bribe Branch, Renounce Religion


You were in a bailey.
You worshipped Gozag.
Gozag was aware of your devotion.
You were hungry.

You visited 2 branches of the dungeon, and saw 10 of its levels.
You also visited: Ossuary and Bailey.

You collected 752 gold pieces.
You spent 184 gold pieces at shops.
You paid 187 gold pieces to Gozag.

Inventory:

Hand Weapons
 a - a +0 dagger of venom (weapon)
 p - a +0 hunting sling
 t - the +9 flail of Wrath {freeze, rN+ Str+2}
   (You found it on level 7 of the Dungeon)

   It has been specially enchanted to freeze those struck by it, causing extra
   injury to most foes and up to half again as much damage against particularly
   susceptible opponents.
   It can also slow down cold-blooded creatures.
   It affects your strength (+2).
   It protects you from negative energy.
 w - a +0 blowgun {@w1}
 y - a +0 hand crossbow
 L - a +0 rapier
 P - a +0 hunting sling
Missiles
 h - 71 sling bullets
 i - 49 poisoned needles
 l - 199 stones (quivered) {@Q3}
 q - 172 arrows
 I - 74 bolts
 Z - a throwing net {!d , @Q1}
Armour
 H - a +1 robe of resistance (worn)
 W - a +0 cloak (worn)
Magical Staves
 u - an uncursed staff of energy {@w2, !a, !d!a}
Jewellery
 c - an uncursed ring of protection from cold
 f - a ring of protection from fire (left hand)
 z - the ring of Raypach (right hand) {-Tele rElec rN+++ MR+ SInv}
   (You found it on level 8 of the Dungeon)

   [ring of protection from magic]

   It insulates you from electricity.
   It renders you almost immune to negative energy.
   It affects your resistance to hostile enchantments.
   It lets you see invisible.
   It prevents most forms of teleportation.
Wands
 d - a wand of enslavement (8)
 v - a wand of flame (21) {@v6}
 G - a wand of iceblast (5) {@v4}
 K - a wand of polymorph (12)
 X - a wand of random effects (2)
Scrolls
 s - 3 scrolls of immolation
 x - a scroll of amnesia {unknown}
 B - a scroll of brand weapon {unknown}
 D - a scroll of noise {unknown}
 J - 2 scrolls of enchant armour {unknown}
 M - a scroll of magic mapping
 Q - 3 scrolls of blinking {unknown}
 R - 4 scrolls of identify {@r1}
 S - a scroll of silence {unknown}
 T - 4 scrolls of teleportation {!r, @r2}
 U - 9 scrolls of remove curse {@r3}
Potions
 n - 5 potions of brilliance
 A - 2 potions of resistance
 C - a potion of cancellation
 E - 2 potions of lignification
 F - 3 potions of flight
 N - a potion of degeneration
 O - 6 potions of curing {@q1}
 V - 3 potions of haste {@q3,}
 Y - 4 potions of heal wounds {@q2}
Comestibles
 e - 18 rations


   Skills:
 - Level 5.0 Fighting
 * Level 11.2 Short Blades
 - Level 8.0 Dodging
 + Level 11.6 Stealth
 + Level 0.2 Spellcasting
 * Level 0.2 Summonings
 * Level 0.1 Air Magic
 + Level 7.2 Evocations


You had 5 spell levels left.
You knew the following spells:

 Your Spells              Type           Power        Failure   Level  Hunger
l - Summon Lightning Spi  Summ/Air       ##......     21%         4    #####..

Your spell library contained the following spells:

 Spells                   Type           Power        Failure   Level  Hunger
 Summon Small Mammal      Summ           ##..         2%          1    ##.....
 Summon Ice Beast         Ice/Summ       ##......     22%         4    #####..
 Call Imp                 Summ           ##......     3%          2    ###....
 Spider Form              Tmut/Pois      ##........   8%          3    ####...
 Blade Hands              Tmut           ##........   47%         5    ######.
 Ice Form                 Ice/Tmut       ##......     22%         4    #####..
 Sticks to Snakes         Tmut           ##......     4%          2    ###....
 Call Canine Familiar     Summ           ##......     7%          3    ####...
 Beastly Appendage        Tmut           ##....       2%          1    ##.....
 Summon Guardian Golem    Hex/Summ       ##......     8%          3    ####...


Dungeon Overview and Level Annotations

Branches:
Dungeon (9/15)             Temple (1/1) D:5            Lair (0/6) D:8
    Orc (0/2) D:9

Altars:
Ashenzari
Cheibriados
Dithmenos
Elyvilon
Fedhas
Gozag
Hepliaklqana
Kikubaaqudgha
Makhleb
Nemelex Xobeh
Okawaru
Qazlal
Ru
Sif Muna
Trog
Uskayaw
Vehumet
Wu Jian
Xom
Yredelemnul
Zin
The Shining One

Shops:
D:4 (%*


Innate Abilities, Weirdness & Mutations

You are very small and have problems with some larger weapons.
You are too small for most types of armour.
You have supernaturally acute eyesight. (SInv)
You are a herbivore.
You cover ground extremely quickly.
You need to consume almost no food.


Message History

Things that are here:
a dagger; a leather armour
Found a flagged portal.
You hear the faint creaking of a portcullis.
You now have 381 gold pieces (gained 5).
Unknown command.
You see here a halberd.
There is a flagged portal here.
The world spins around you as you enter the gateway.
You enter a bailey!
Found two gates leading back out of this place.
There is an empty arch of ancient stone here.
Unknown command.
You feel clever all of a sudden.
The orc shouts! x2; You hear a shout!
The orc knight shouts!
The orc warrior shouts!
Found two gates leading back out of this place.
Casting: Summon Lightning Spire (slightly dangerous; 21% risk of failure)
Confirm with . or Enter, or press ? or * to list all spells.
Aiming: Summon Lightning Spire (slightly dangerous; 21% risk of failure)
Press: ? - help, Dir - move target cursor An electric hum fills the air.
You are feeling hungry.
The orc knight roars a battlecry!
The orcs go into a battle-frenzy!
You now have 12/16 mp.
The orc warrior shouts!
You hear a shout!
The orc warrior shoots a bolt.
The bolt misses you.
Your lightning spire shoots out a bolt of lightning at the orc warrior!
The bolt of electricity misses the orc warrior.
The orc shouts!
The orc knight shouts!
An orc warrior comes into view. It is wielding a halberd.
Your lightning spire shoots out a bolt of lightning at the orc warrior!
The bolt of electricity hits the orc knight.
The bolt of electricity hits the orc warrior.
The orc warrior completely misses you.
The orc warrior hits you with a halberd!!
Ouch! That really hurt!
* * * LOW HITPOINT WARNING * * *
You take 30 damage, and have 20/50 hp.
MASSIVE DAMAGE!!
You hit the orc warrior.
The orc warrior is poisoned.
The orc warrior is lightly wounded.
Your lightning spire shoots out a bolt of lightning at the orc warrior!
The bolt of electricity hits the orc.
The orc dies!
The bolt of electricity hits the orc warrior.
You hit the orc warrior but do no damage.
The orc warrior is lightly wounded.
You barely miss the orc warrior.
The orc warrior is lightly wounded.
The orc warrior closely misses you.
Unknown command.
You hit the orc warrior but do no damage.
The orc warrior looks as sick as possible!
The orc warrior is lightly wounded.
Unknown command.
You closely miss the orc warrior.
The orc warrior is lightly wounded.
The orc warrior misses you.
Unknown command.
You hit the orc warrior but do no damage.
The orc warrior looks as sick as possible!
The orc warrior is lightly wounded.
The orc knight roars a battlecry!
An orc comes into view. It is wielding a halberd.
You hit the orc warrior but do no damage.
The orc warrior looks as sick as possible!
The orc warrior is moderately wounded.
Your lightning spire shoots out a bolt of lightning at the orc warrior!
The bolt of electricity hits the orc warrior.
The bolt of electricity hits the orc knight.
The orc warrior closely misses you.
You see here a bolt.
Your lightning spire shoots out a bolt of lightning at the orc warrior!
The bolt of electricity hits the orc warrior.
You feel a bit more experienced.
The orc warrior barely misses your lightning spire.
The orc completely misses you.
There is an empty arch of ancient stone here.
Evoke which item? (* to show all) (? for menu, Esc to quit)
Aiming: Iceblast
Press: ? - help, Shift-Dir - straight line, f - orc
Aim: an orc, wielding a halberd and wearing a ring mail (unusually strong)
The mass of ice explodes!
The iceblast engulfs the orc.
You kill the orc!
Evoke which item? (* to show all) (? for menu, Esc to quit)
Aiming: Throw Flame
Press: ? - help, Shift-Dir - straight line, f - orc warrior
Aim: an orc warrior, wielding a halberd and wearing a chain mail (severely wounded, unusually strong, poisoned) Really fire in your lightning spire's direction?
Okay, then.
That item cannot be evoked!
The orc warrior hits your lightning spire from afar with an enchanted halberd!
Your lightning spire is destroyed!
The orc knight is distracted by the nearby gold.
The orc warrior hits you with a halberd!!
Ouch! That really hurt!
You die...
Your body crumbles into a pile of gold. ███ ██████

██∩██ █.....██.∩.█
..≈≈≈..█o@.█..≈ $
.≈≈o≈≈.....$.≈≈o≈≈
.≈.∩o≈.......≈oo.≈
$
.≈≈.≈≈.......≈≈o≈≈
..≈≈≈..█...█..≈≈≈.
█.....██...██.....
$


██████ ██∩██ █████ ███ You could see 2 orc knights, 4 orc warriors and an orc.

Vanquished Creatures
  A two-headed ogre (D:8)
  Pikel (D:5)
  Joseph (D:7)
  A troll (D:8)
  A hornet (D:7)
  Sigmund (D:4)
  A hungry ghost (D:8)
  Edmund (D:5)
  A phantom (D:8)
  An ice beast (D:7)
  A black bear (D:6)
  An orc warrior (D:6)
  A slave (D:5)
  2 necrophages
  3 ogres
  3 centaurs
  A wolf (D:8)
  3 elf zombies (Ossuary)
  A big kobold (D:8)
  3 bullfrogs
  5 scorpions
  2 wights (D:7)
  2 electric eels (D:8)
  3 crimson imps
  2 howler monkeys
  6 centaur zombies
  9 hounds
  4 human zombies (Ossuary)
  2 jellies
  4 orc priests
  2 iguanas (D:8)
  7 orc wizards
  3 worker ants
  A killer bee zombie (D:7)
  3 hound zombies
  A worker ant zombie (D:7)
  A howler monkey skeleton (D:2)
  5 mummies
  3 gnolls (D:2)
  13 adders
  A shadow imp (D:7)
  An ooze (D:5)
  2 adder zombies
  An adder skeleton (D:8)
  A worm (D:4)
  2 dart slugs (D:1)
  4 leopard geckos
  23 orcs
  4 giant cockroaches
  6 goblins
  8 hobgoblins
  14 jackals
  A quokka (D:2)
  7 bats
  4 frilled lizards
  9 kobolds
  A quokka zombie (D:7)
  4 rats
200 creatures vanquished.

Vanquished Creatures (collateral kills)
  A howler monkey zombie (D:3)
  A howler monkey skeleton (D:5)
  2 orcs (Bailey)
  A kobold (D:3)
5 creatures vanquished.

Vanquished Creatures (others)
  A centaur zombie (D:6)
  A bullfrog skeleton (D:6)
  2 orcs
4 creatures vanquished.

Grand Total: 209 creatures vanquished

Notes
Turn   | Place    | Note
-------+----------+-------------------------------------------
     0 | D:1      | Goblin1989 the Spriggan Artificer began the quest for the Orb.
     0 | D:1      | Reached XP level 1. HP: 9/9 MP: 4/4
   478 | D:1      | Reached XP level 2. HP: 7/14 MP: 6/6
   889 | D:1      | Reached XP level 3. HP: 12/17 MP: 7/7
  2526 | D:2      | Reached XP level 4. HP: 21/21 MP: 8/8
  2628 | D:2      | Reached skill level 1 in Fighting
  3344 | D:3      | Reached skill level 5 in Stealth
  3422 | D:3      | Noticed a bullfrog
  3446 | D:3      | Reached XP level 5. HP: 24/25 MP: 9/9
  3910 | D:3      | Reached XP level 6. HP: 25/30 MP: 10/10
  4412 | D:4      | Found Xuphi's Assorted Antiques.
  4427 | D:4      | Bought a scroll labeled IKKAEV GONELESS for 23 gold pieces
  4427 | D:4      | Bought a scroll labeled AXOTUI REED for 23 gold pieces
  4427 | D:4      | Bought a blackened wooden wand for 92 gold pieces
  4427 | D:4      | Bought a scroll of identify for 46 gold pieces
  4461 | D:4      | Found Mocasirr's Food Boutique.
  4577 | D:4      | Noticed Sigmund
  4579 | D:4      | Killed Sigmund
  4579 | D:4      | Reached skill level 5 in Short Blades
  4579 | D:4      | Reached XP level 7. HP: 35/35 MP: 11/11
  5576 | D:4      | Found Liwifoos's Antique Weapon Shop.
  5655 | D:5      | Entered Level 5 of the Dungeon
  5675 | D:5      | Reached skill level 5 in Dodging
  5723 | D:5      | Noticed Edmund
  5726 | D:5      | Killed Edmund
  5769 | D:5      | Found a staircase to the Ecumenical Temple.
  5866 | D:5      | Noticed Pikel
  5945 | D:5      | Killed Pikel
  5945 | D:5      | Reached XP level 8. HP: 40/40 MP: 12/12
  6291 | Temple   | Entered the Ecumenical Temple
  7125 | D:6      | Learned a level 4 spell: Summon Lightning Spire
  7314 | D:6      | Reached XP level 9. HP: 28/45 MP: 13/13
  8659 | D:7      | Noticed Joseph
  8902 | D:7      | Killed Joseph
  9050 | D:7      | Found a hazy altar of Hepliaklqana.
  9108 | D:7      | Found a radiant altar of Vehumet.
  9110 | D:7      | Found an opulent altar of Gozag.
  9505 | D:8      | Noticed a troll
  9594 | D:8      | Found a shimmering altar of Xom.
  9673 | D:8      | Reached skill level 10 in Stealth
  9676 | D:8      | Killed a troll
  9676 | D:8      | Reached skill level 5 in Evocations
  9687 | D:8      | Reached skill level 5 in Fighting
  9711 | D:8      | Found a staircase to the Lair.
  9724 | D:8      | Reached skill level 10 in Short Blades
  9749 | D:8      | Found a sand-covered staircase.
  9756 | Ossuary  | Entered an ossuary
 10066 | Ossuary  | Reached XP level 10. HP: 50/50 MP: 15/15
 10589 | D:8      | Noticed a two-headed ogre
 10671 | D:8      | Got a shimmering turquoise ring
 10686 | D:8      | Identified the ring of Raypach {-Tele rElec rN+++ MR+ SInv} (You found it on level 8 of the Dungeon)
 10964 | D:8      | Killed a two-headed ogre
 11085 | D:7      | Became a worshipper of Gozag Ym Sagoz the Greedy
 11950 | D:7      | Got an ancient flail
 11951 | D:7      | Identified the +9 flail of Wrath {freeze, rN+ Str+2} (You found it on level 7 of the Dungeon)
 12331 | D:8      | Found a snail-covered altar of Cheibriados.
 12331 | D:8      | Found a basalt altar of Yredelemnul.
 12331 | D:8      | Found an iron altar of Okawaru.
 12332 | D:8      | Found a shattered altar of Ashenzari.
 12332 | D:8      | Found a glowing golden altar of the Shining One.
 12335 | D:8      | Found a burning altar of Makhleb.
 12337 | D:8      | Found a hide-covered altar of Uskayaw.
 12629 | D:9      | Found a staircase to the Orcish Mines.
 12637 | D:9      | Found a flagged portal.
 12648 | Bailey   | Entered a bailey
 12648 | Bailey   | Noticed an orc knight
 12648 | Bailey   | Noticed an orc knight
 12668 | Bailey   | Mangled by an orc warrior

Skill      XL: |  1  2  3  4  5  6  7  8  9 10 |
---------------+-------------------------------+-----
Stealth        | 2 3 4 5 6 8 9 10 11 | 11.6
Short Blades   | 2 3 4 5 7 8 10 11 | 11.2
Fighting       | 1 2 3 4 5 |  5.0
Dodging        | 4 6 7 8 |  8.0
Evocations     | 5 7 |  7.2
Spellcasting   | |  0.2
Summonings     | |  0.2
Air Magic      | |  0.1

Action                   |  1- 3 |  4- 6 |  7- 9 | 10-12 || total
-------------------------+-------+-------+-------+-------++-------
Melee: Short sword       |   141 |       |       |       ||   141
       Dagger            |    38 |   139 |   401 |   239 ||   817
       Rapier            |       |       |   154 |   124 ||   278
       Flail             |       |       |       |     9 ||     9
 Cast: Summon Lightning  |       |       |       |     1 ||     1
Evoke: Wand              |    10 |     6 |    29 |     6 ||    51
  Use: Scroll            |     5 |     1 |     1 |     7 ||    14
       Potion            |     2 |     1 |       |     1 ||     4
 Stab: Sleeping          |     1 |     7 |    12 |     8 ||    28
       Distracted        |       |     1 |     2 |     1 ||     4
       Betrayed ally     |       |     1 |       |       ||     1
       Confused          |       |       |     1 |       ||     1
  Eat: Ration            |       |     1 |     3 |     2 ||     6
Armor: Robe              |    19 |     7 |    28 |    16 ||    70
Dodge: Dodged            |   162 |    94 |   327 |   232 ||   815

Vault maps used:
D:1:      elethiomel_arrival_infinity_welcomes_careful_drivers,
          interstate_on_off
D:4:      serial_curves, eino_curves_02, eino_curves_04, serial_shops, shop,
          nicolae_shop_trees, shop, minmay_crystal_room, uniq_sigmund
D:5:      minmay_temple_entry_from_below_b, first_ration, uniq_edmund,
          uniq_pikel
D:6:      st_stairs_14, minivault_27
D:7:      nicolae_overflow_hidden_temple, serial_undead, serial_undead_a,
          serial_undead_b, serial_undead_a, serial_undead_a, uniq_joseph
D:8:      minitemple, erik_lair_island, chequers_ossuary_entry_cave,
          grunt_ogre_cave
D:9:      orc_0_dummy, enter_bailey_2
Temple:   minmay_temple_curvy_loop
Ossuary:  ossuary_minmay_four_chambers
Bailey:   bailey_polearm_4, bailey
